 Dungeon Crawl Stone Soup version 0.28.0-53-g5a82cb258f (webtiles) character file.

Game seed: 9481050929081145595

340 Peloso the Covered (level 6, -8/53 HPs)
             Began as a Minotaur Fighter on May 21, 2022.
             Was an Initiate of Okawaru.
             Engulfed by a steam dragon's steam (10 damage)
             ... on level 4 of the Dungeon.
             The game lasted 00:05:49 (3674 turns).

Peloso the Covered (Minotaur Fighter)               Turns: 3674, Time: 00:05:49

Health: -8/53      AC: 11    Str: 20    XL:     6   Next: 30%
Magic:  5/5        EV:  7    Int:  5    God:    Okawaru [......]
Gold:   189        SH:  5    Dex: 12    Spells: 5/5 levels left

rFire   . . .      SeeInvis .   a - +0 long sword
rCold   . . .      Faith    .   c - +0 buckler
rNeg    . . .      Spirit   .   i - +0 chain mail
rPois   .          Reflect  .   (helmet restricted)
rElec   .          Harm     .   (no cloak)
rCorr   .          Rampage  .   j - +0 pair of gloves
Will    .....                   (no boots)
Stlth   ..........              (no amulet)
HPRegen 0.17/turn               (no ring)
MPRegen 0.09/turn               (no ring)

@: no status effects
A: horns 2, retaliatory headbutt
a: Renounce Religion


You were on level 4 of the Dungeon.
You worshipped Okawaru.
Okawaru was noncommittal.
You visited 2 branches of the dungeon, and saw 5 of its levels.

You collected 189 gold pieces.

Inventory:

Hand Weapons
 a - a +0 long sword (weapon)
Armour
 b - a +0 scale mail
 c - a +0 buckler (worn)
 i - a +0 chain mail (worn)
 j - a +0 pair of gloves (worn)
Jewellery
 m - a ring of magical power
Scrolls
 g - 2 scrolls of summoning
 l - a scroll of blinking
Potions
 d - a potion of magic {unknown}
 e - a potion of heal wounds {unknown}
 f - 3 potions of curing


   Skills:
 + Level 4.4 Fighting
 + Level 4.9 Long Blades
 + Level 6.1 Armour
 + Level 1.1 Dodging
 + Level 4.5 Shields


You had 5 spell levels left.
You didn't know any spells.
Your spell library contained the following spells:

 Spells                   Type           Power      Damage    Failure   Level
 Sandblast                Erth           0%         2d4       99%         1
 Passwall                 Tmut/Erth      0%         N/A       100%        2
 Ozocubu's Armour         Ice            0%         N/A       100%        3
 Stone Arrow              Conj/Erth      0%         3d7       100%        3
 Ozocubu's Refrigeration  Ice            0%         4d5       100%        7


Dungeon Overview and Level Annotations

Branches:
Dungeon (4/15)             Temple (1/1) D:4

Altars:
Cheibriados
Gozag
Hepliaklqana
Kikubaaqudgha
Makhleb
Nemelex Xobeh
Okawaru
Uskayaw
Vehumet
Yredelemnul
The Shining One

Shops:
D:4 =


Innate Abilities, Weirdness & Mutations

You have a pair of horns on your head.
You reflexively headbutt those who attack you in melee.


Message History

You hit the steam dragon but do no damage.
You headbutt the steam dragon, but do no damage.
The steam dragon is moderately wounded.
You are engulfed in a cloud of scalding steam.
The steam dragon bites you. The steam dragon barely misses you.
You hit the steam dragon but do no damage.
The steam dragon is moderately wounded.
You are engulfed in a cloud of scalding steam.
An orc comes into view. It is wielding a +0 hand axe.
The steam dragon barely misses you. You furiously retaliate!
You headbutt the steam dragon, but do no damage.
The steam dragon claws you but does no damage.
You closely miss the steam dragon.
The steam dragon is moderately wounded.
The steam dragon breathes steam at you. The ball of steam hits you!
Unknown command.
You closely miss the steam dragon. You headbutt the steam dragon.
The steam dragon is moderately wounded.
The steam dragon bites you but does no damage.
The steam dragon claws you but does no damage.
The steam dragon breathes steam at you. The ball of steam hits you.
You hear a shout!
You hit the steam dragon. Your headbutt misses the steam dragon.
The steam dragon is moderately wounded.
You are engulfed in a cloud of scalding steam.
* * * LOW HITPOINT WARNING * * *
The steam dragon bites you but does no damage.
The steam dragon claws you but does no damage.
You hit the steam dragon but do no damage.
The steam dragon is moderately wounded.
You are engulfed in a cloud of scalding steam.
* * * LOW HITPOINT WARNING * * *
You block the steam dragon's attack.
The steam dragon claws you but does no damage.
You hit the steam dragon.
The steam dragon is heavily wounded.
You are engulfed in a cloud of scalding steam.
You die...

##############.##...........<....
...##.#####.######.##.##
#...##......# #.####.
..(.#################..
#..####...###...####..
#.o###..§.###....###..
#..###§.§.###....###..
#..##..#..†#...#..##..
##..#@.##....)##..#..#
##.D(.###...###....##
##...###...###...##.
#######...#######.. ####### #..
#)..# #.. #...# #.. #.#.# #.#
###...########.#


You could see a steam dragon and an orc.

Vanquished Creatures
  An ogre (D:4)
  A scorpion (D:3)
  A water moccasin skeleton (D:4)
  A hound (D:4)
  7 adders
  2 dart slugs
  An orc (D:2)
  5 endoplasms
  2 giant cockroaches
  9 goblins
  5 hobgoblins
  4 kobolds
  2 quokkas (D:1)
  5 ball pythons
  6 bats
  3 frilled lizards
  2 rats (D:1)
57 creatures vanquished.

Notes
Turn   | Place    | Note
-------+----------+-------------------------------------------
     0 | D:1      | Peloso the Minotaur Fighter began the quest for the Orb.
     0 | D:1      | Reached XP level 1. HP: 19/19 MP: 0/0
   145 | D:1      | Reached XP level 2. HP: 27/27 MP: 1/1
   281 | D:1      | Reached skill level 4 in Armour
   647 | D:1      | Found a faded altar of an unknown god.
   982 | D:2      | Reached XP level 3. HP: 31/33 MP: 2/2
  1822 | D:3      | Reached XP level 4. HP: 40/40 MP: 3/3
  2111 | D:3      | Found an opulent altar of Gozag.
  2198 | D:3      | Noticed a scorpion
  2206 | D:3      | Killed a scorpion
  2207 | D:3      | Reached XP level 5. HP: 10/46 MP: 4/4
  2504 | D:3      | Found a burning altar of Makhleb.
  2761 | D:4      | Reached skill level 5 in Armour
  2761 | D:4      | Reached skill level 1 in Dodging
  2872 | D:4      | Found a staircase to the Ecumenical Temple.
  2886 | D:4      | Noticed an ogre
  2913 | Temple   | Entered the Ecumenical Temple
  3253 | Temple   | Became a worshipper of Warmaster Okawaru
  3305 | D:4      | Killed an ogre
  3306 | D:4      | Reached XP level 6. HP: 53/53 MP: 5/5
  3372 | D:4      | Found Seomez's Jewellery Boutique.
  3528 | D:4      | Found a sparkling altar of Nemelex Xobeh.
  3643 | D:4      | Reached skill level 6 in Armour
  3657 | D:4      | Noticed a steam dragon
  3673 | D:4      | HP: 2/53 [steam dragon] (13)]
  3674 | D:4      | Engulfed by a steam dragon's steam

Illustrated notes

Levels and vault maps discovered:
D:1:      heliophobic_arrival_battle_scene, layout_loops_corners,
          chequers_ecumenical_altar_simple_redux
D:2:      layout_basic
D:3:      layout_loops_cross, marbit_many_paths, grunt_gozag_breadcrumbs
D:4:      layout_loops_cross, lemuel_coloured_pillars_altar, temple_pool_b,
          serial_shops, shop, hangedman_glass_teeth, minmay_misc_feat_diagonals
Temple:   nicolae_temple_figure_zero

Skill      XL: |  1  2  3  4  5  6 |
---------------+-------------------+-----
Armour         | 4 5 6 |  6.1
Shields        | 4 |  4.5
Fighting       | 4 |  4.4
Long Blades    | 3 4 |  4.9
Dodging        | 1 |  1.1

Action                   |  1- 3 |  4- 6 || total
-------------------------+-------+-------++-------
Melee: Long sword        |    75 |    62 ||   137
       Headbutt          |     8 |    13 ||    21
  Use: Potion            |     3 |     1 ||     4
       Scroll            |     2 |     4 ||     6
Armor: Scale mail        |    28 |       ||    28
       Chain mail        |    20 |    49 ||    69
Dodge: Dodged            |    31 |    24 ||    55
Block: Buckler           |    24 |    18 ||    42
